[Event "FIDE WTC Prel-A 2022"]
[Site "Jerusalem"]
[Date "2022.11.20"]
[Round "2.10"]
[White "Moussard, Jules"]
[Black "Van Foreest, Lucas"]
[Result "1/2-1/2"]
[ECO "C54"]
[WhiteElo "2676"]
[BlackElo "2585"]
[Annotator "TA"]
[PlyCount "172"]
[EventDate "2022.11.20"]
[EventType "team-tourn"]
[EventCountry "ISR"]
[SourceTitle "playchess.com"]
[Source "ChessBase"]
[SourceQuality "1"]
[WhiteTeam "France"]
[BlackTeam "Netherlands"]
[WhiteTeamCountry "FRA"]
[BlackTeamCountry "NED"]
[TimeControl "2700+10"]

1. e4 e5 2. Nf3 Nc6 3. Bc4 Nf6 4. d3 Bc5 5. O-O O-O 6. h3 d6 7. c3 a5 {[%emt 0:00:01] C54: Giuoco Piano: 4 c3 Nf6, main lines with 5 d4 and 5 d3.} 8. Re1 Be6 9. Bb5 Ba7 {[%emt 0:00:02] White has an edge.} 10. Be3 Bxe3 11. Rxe3 Ne7 12. d4 {[%emt 0:00:16] [#]} c6 $146 ({Predecessor:} 12... Ng6 13. Nbd2 c6 14. Bf1 a4 15. b4 axb3 16. axb3 b5 17. b4 Qb6 18. Re1 h6 {½-½ (30) Adams,M (2692)-Matlakov,M (2710) Budva 2019}) 13. Bf1 Ng6 14. c4 a4 15. Nc3 Qa5 16. Qd2 h6 17. Rc1 Rfd8 18. d5 cxd5 19. Nxd5 Nd7 20. Nc3 Nc5 21. Rd1 Bd7 22. Nb5 (22. Qxd6 $2 Be6 23. Qxd8+ Rxd8 $19) 22... Qxd2 23. Rxd2 Bxb5 24. cxb5 Rac8 25. g3 Nf8 26. h4 Nfe6 27. Kg2 Kf8 28. Rc2 Nd7 29. Rd2 (29. Rec3 $11 Rc5 30. Rc1) 29... Ke7 30. Be2 Nb6 31. b3 axb3 32. axb3 Rc1 33. h5 $1 Nd7 34. Ra2 (34. Bc4 $11) 34... Nf6 $17 35. Ra7 Rd7 (35... Rb8 $17 {And now ...Ng4 would win.} 36. Nh2 Rc2) 36. b6 $11 Ng4 37. Rd3 {[%emt 0:00:02] [#] Strongly threatening Nh4.} Nc5 (37... Nf6 $1 $11) 38. Rd1 (38. Nh4 {keeps more tension.} Rc2 39. Nf5+ Kf6 40. Rf3) 38... Rxd1 39. Bxd1 Nxe4 40. b4 (40. Be2 $14 {was preferrable.}) 40... Nc3 $1 (40... Ngxf2 $2 41. Ba4 $18) 41. Bc2 e4 42. Nd4 Ne5 {[%emt 0:00:35] Pair of Knights!} 43. Ra3 Nd5 44. Bxe4 Nxb6 45. Ra7 d5 46. Bf5 {[%emt 0:00:01][%mdl 1024] White has compensation.} Nc8 47. Ra8 Nb6 48. Ra7 Nc8 49. Ra5 Rd8 50. Bxc8 Rxc8 51. Rxd5 {[%emt 0:00:04][%mdl 4096] Endgame KRN-KRN} Nc6 52. Rc5 Kd7 53. Rd5+ Ke7 54. Nf5+ Kf6 (54... Ke6 55. Rb5 $16) 55. g4 Nxb4 56. Rb5 Nd3 57. Kg3 Nc5 58. Nd6 Rc6 59. Ne8+ Ke5 (59... Ke7 $11 {keeps the balance.} 60. Nxg7 Ne4+ 61. Kf4 Nd6 62. Re5+ (62. Nf5+ Nxf5 63. Kxf5 Rf6+ 64. Ke5 Rxf2 $11) 62... Kf6 63. Ne8+ Nxe8 64. Rxe8 Rc5) 60. Nxg7 $16 {[%emt 0:00:01] White is more active.} Kd4 (60... Kf6 $16) 61. Nf5+ $18 Kc4 62. Rb1 Ne4+ {[%emt 0:00:46] [#]} 63. Kf4 (63. Kg2 $1 $18 {is the precise move to win.}) 63... Nc5 ({Better is} 63... Nxf2 64. Rc1+ (64. Rxb7 Nd3+ 65. Kg3 Ne5 $16) 64... Kd5 65. Rxc6 bxc6) 64. f3 b5 65. Ne3+ (65. g5 $16 hxg5+ 66. Kg3 (66. Kxg5 Ne6+ 67. Kg4 Ra6 $16)) 65... Kd3 $11 {[%emt 0:00:05] aiming for ...Ne6+.} 66. Nd5 Kc4 67. Ne3+ Kd3 68. Nf5 Rb6 69. Ke5 Nd7+ 70. Kd5 Nf6+ 71. Kc5 Nd7+ 72. Kd5 Nf6+ 73. Kc5 Nd7+ 74. Kb4 Ne5 75. Re1 Re6 $2 (75... f6 $1 $14) 76. Kxb5 $2 (76. Re3+ $18 Kc2 77. Kxb5) 76... Nxf3 {[%emt 0:00:06] The position is equal.} 77. Rxe6 fxe6 78. Nxh6 $18 {[%emt 0:00:02] Threatens to win with Nf7. KN-KN} Ng5 {[%emt 0:00:54] Prevents Nf7.} 79. Kc5 Ke4 80. Kd6 Kf4 81. Ke7 e5 82. Kf6 e4 {[%emt 0:00:14] ...e3 is the strong threat.} 83. Nf5 Kxg4 84. Kg6 Ne6 85. Ne3+ Kf3 86. Nc4 Nf4+ {[%emt 0:00:07] Blacks defense is rewarded with a draw.  Weighted Error Value: White=0.11 (very precise) /Black=0.13 (very precise)} 1/2-1/2

[Event "FIDE WTC Prel-A 2022"]
[Site "Jerusalem"]
[Date "2022.11.20"]
[Round "2.11"]
[White "Warmerdam, Max"]
[Black "Fressinet, Laurent"]
[Result "0-1"]
[ECO "A30"]
[WhiteElo "2617"]
[BlackElo "2622"]
[Annotator "TA"]
[PlyCount "152"]
[EventDate "2022.11.20"]
[EventType "team-tourn"]
[EventCountry "ISR"]
[SourceTitle "playchess.com"]
[Source "ChessBase"]
[SourceQuality "1"]
[WhiteTeam "Netherlands"]
[BlackTeam "France"]
[WhiteTeamCountry "NED"]
[BlackTeamCountry "FRA"]
[TimeControl "2700+10"]

1. c4 e6 2. Nc3 c5 3. Nf3 Nf6 4. g3 b6 5. Bg2 Bb7 6. O-O Be7 7. d4 cxd4 8. Qxd4 O-O 9. Rd1 Qc8 10. b3 {[%emt 0:02:20] A30: Symmetrical English: Double Fianchetto and Hedgehog.} d5 11. cxd5 Nxd5 12. Nxd5 {[%emt 0:00:37] White is slightly better.} Bxd5 13. Bg5 {[%emt 0:00:30] Against Bf6} Nc6 {[%emt 0:10:00] [#]} 14. Qh4 $146 ({Predecessor:} 14. Qa4 Bxg5 15. Nxg5 Bxg2 16. Kxg2 Ne7 17. Nxh7 Qb7+ 18. Kg1 Kxh7 19. Rd7 Qc6 20. Qh4+ {1-0 (69) Benkovic,P (2463)-Maksimovic,B (2421) Kragujevac 2009}) 14... f6 15. Be3 Qb7 16. Rac1 Rad8 17. Qh3 {[%emt 0:03:30][%cal Od1d5] aiming for Rxd5!} f5 18. Ng5 Bxg5 19. Bxg5 Bxg2 20. Qxg2 Rxd1+ 21. Rxd1 h6 22. Bf4 Rd8 $1 23. Rc1 Rc8 24. g4 Nd8 $1 25. Rxc8 Qxc8 26. gxf5 exf5 27. Bxh6 $14 {[%emt 0:00:35][%csl Gh6][%cal Rg2g7][%mdl 4096] Endgame KQB-KQN} Ne6 {[%emt 0:00:08] [#]} (27... Qd7 $1 $14) 28. Bd2 (28. Be3 $1 $16) 28... Qd7 $11 {[%emt 0:00:49] Inhibits Qd5.} 29. Qg6 Nd4 30. Kf1 Nxb3 31. axb3 $14 Qxd2 $11 {[%emt 0:00:01] KQ-KQ} 32. Qe6+ (32. Qxf5 Qd1+ 33. Kg2 Qxe2 $11) 32... Kh8 33. Qc8+ (33. Qxf5 Qd1+ 34. Kg2 Qxe2 $11) 33... Kh7 34. Qxf5+ Kg8 35. Qe6+ Kh7 36. h4 ({White should try} 36. f3 $16) 36... Qf4 (36... Qc1+ $1 $11 37. Kg2 Qf4) 37. Qc4 $14 Qf6 38. e3 ({White should play} 38. f3 $14) 38... Kh6 $11 39. Kg2 Kh5 40. Qe4 Kh6 41. Kg3 a5 $1 42. Qd5 Qg6+ $1 43. Kh3 Qg1 44. Qe6+ g6 45. Qf6 Qh1+ $2 (45... Kh7 $1 $11) 46. Kg3 $18 Qg1+ 47. Kf3 Qd1+ 48. Kg2 $2 (48. Kf4 $18 Kh7 49. Qxb6) 48... Kh7 $11 {[%emt 0:00:22] Inhibits Qh8+.} 49. Qf7+ Kh6 50. Qf6 (50. Qf4+ $6 Kh7 $14) 50... Kh7 {[%emt 0:00:08] Prevents Qh8+.} 51. Qe6 b5 52. e4 a4 53. bxa4 bxa4 54. e5 Qd4 55. Qe7+ Kg8 56. Qe6+ Kh7 57. Qf7+ Kh6 58. Qf8+ Kh7 $1 (58... Kh5 59. Qh8+ Kg4 60. Qf6 Qd2 61. e6 Kh5 62. e7 Qd5+ 63. f3 Qd2+ 64. Kh3) 59. Qe7+ Kg8 60. Kf3 Qd3+ 61. Kg4 a3 62. Qe6+ Kg7 {[%emt 0:00:07][%cal Od3f5] ( -> ...Qf5+!)} 63. Qe7+ Kg8 64. Qe8+ Kg7 65. e6 Qf5+ 66. Kg3 Qe5+ (66... a2 $5 67. Qd7+ $8 Kf6 68. Qf7+ Ke5 69. f4+ Ke4 70. Qb7+ Qd5 71. Qxd5+ Kxd5 $11) 67. Kg2 Qe4+ ({Don't take} 67... a2 68. Qd7+ Kh6 69. Qd2+ g5 70. Qxa2 gxh4 71. Qc4 $14) 68. Kg3 Qe5+ (68... a2 69. Qd7+ Kh6 70. Qd2+ g5 71. Qxa2 (71. hxg5+ Kh5 $11)) 69. Kf3 Qf5+ 70. Ke3 $2 {[%emt 0:00:00][%mdl 8192] [#]} (70. Kg3 $11) 70... a2 $1 $19 71. Qe7+ Kh6 {[%emt 0:00:03] Black mates.} 72. Qa3 Qe5+ 73. Kf3 a1=Q 74. Qf8+ Qg7 75. Qe8 Qaf6+ 76. Kg3 Qge7 {[%emt 0:00:06] Black used his chance.  Weighted Error Value: White=0.14 (very precise) /Black=0.15 (very precise)} 0-1

[Event "FIDE WTC Prel-A 2022"]
[Site "Jerusalem"]
[Date "2022.11.20"]
[Round "2.12"]
[White "Lagarde, Maxime"]
[Black "Kevlishvili, Robby"]
[Result "0-1"]
[ECO "B51"]
[WhiteElo "2573"]
[BlackElo "2536"]
[Annotator "TA"]
[PlyCount "84"]
[EventDate "2022.11.20"]
[EventType "team-tourn"]
[EventCountry "ISR"]
[SourceTitle "playchess.com"]
[Source "ChessBase"]
[SourceQuality "1"]
[WhiteTeam "France"]
[BlackTeam "Netherlands"]
[WhiteTeamCountry "FRA"]
[BlackTeamCountry "NED"]
[TimeControl "2700+10"]

1. e4 c5 2. Nf3 d6 3. Bb5+ Nd7 4. d4 cxd4 5. Nxd4 Ngf6 6. O-O {[%emt 0:00:02] B51: Sicilian: Moscow Variation (3 Bb5+) without 3...Bd7.} a6 7. Bd3 e6 8. c4 {[%emt 0:00:12] White has an edge.} Be7 9. Nc3 O-O 10. Qe2 Ne5 {[%emt 0:00:00] [#]} 11. Rd1 $146 ({Predecessor:} 11. Bc2 Qb6 12. Rd1 Bd7 13. b3 Rac8 14. Be3 Qc7 15. f4 Neg4 16. Rd3 {0-1 (53) Rant,I (1963)-Ocytko,A (1945) Leba 2004}) 11... Qc7 12. Nf3 Bd7 13. Be3 Nxd3 14. Qxd3 b5 15. cxb5 axb5 16. a3 Qb7 17. Bg5 Rfd8 18. b4 h6 19. Bh4 Rac8 20. Nd2 Bc6 {[%emt 0:00:00][%cal Of6e4] White is now going downhill.} 21. Nb3 ({White should try} 21. Rdc1 $15) 21... g5 $19 ({Inferior is} 21... Nxe4 22. Bxe7 (22. Na5 $2 Qb6 $17) 22... Nxc3 23. Bxd8 Nxd1 24. Bh4 $15) 22. Na5 {[%emt 0:00:01] [#]} Qa8 23. Bg3 (23. Nxc6 {was necessary.} Qxc6 24. Nxb5 gxh4 25. Na7 Qxe4 26. Nxc8 Rxc8 27. Qxe4 Nxe4 28. Rac1) 23... Bxe4 24. Nxe4 Nxe4 25. Re1 (25. f3 $142 Qa7+ 26. Kf1 Nxg3+ 27. hxg3) 25... Bf6 26. Rad1 d5 27. f3 (27. h3 {was worth a try.}) 27... Nxg3 28. hxg3 Qb8 29. g4 (29. Qe2 $142) 29... Rc3 30. Qe2 Rdc8 {[%emt 0:03:40] [#] White must now prevent ...Rc2.} 31. Qf2 Rxa3 32. Rc1 Rxc1 33. Rxc1 Qf4 34. Rd1 Ra1 35. Rxa1 Bd4 36. Nc6 Bxf2+ 37. Kxf2 {[%emt 0:00:01][%mdl 4096] Endgame KQ-KRN} Qc4 {[%emt 0:00:00] ( -> ...Qc2+)} 38. Ra6 d4 {[%emt 0:00:00] And now ...Qc3 would win.} 39. Ne5 Qc2+ {[%emt 0:00:00] Black mates.} 40. Kg3 Qc7 41. f4 gxf4+ 42. Kxf4 f6 {[%emt 0:00:00] Weighted Error Value: White=1.14/Black=0.06 (flawless)} (42... Qc1+ $142 43. Kg3 Qe1+ 44. Kh3 Qxe5 45. g3 d3 46. g5 hxg5 47. Rc6 d2 48. Rc8+ Kg7 49. Rd8 Qe2 50. g4 d1=Q 51. Rxd1 Qxd1 52. Kg3 Qe2 53. Kh3 f5 54. gxf5 Qf2 55. fxe6 Kf6 56. e7 Kf5 57. e8=Q g4#) 0-1